 Dungeon Crawl Stone Soup version 0.18.1-48-g4cf74bf (webtiles) character file.

4439 sarahorange the Fighter (level 10, -8/80 HPs)
             Began as a Demonspawn Berserker on June 25, 2016.
             Was a High Priest of Trog.
             Mangled by Erica
             ... wielding a +4 scimitar of flaming
              (15 damage)
             ... on level 9 of the Dungeon.
             The game lasted 01:03:05 (6882 turns).

sarahorange the Fighter (Demonspawn Berserker)      Turns: 6882, Time: 01:03:06

Health: -8/80      AC: 14    Str: 25    XL:     10   Next: 14%
Magic:  0/10       EV: 13    Int: 14    God:    Trog [*****.]
Gold:   734        SH:  0    Dex: 13    Spells: 0 memorised, 9 levels left

rFire  . . .     SeeInvis .     m - +2 great sword (freeze)
rCold  . . .     Gourm    .     d - +1 leather armour "Uheojim" {+Fly rF- Str+5 Int+2} (curse)
rNeg   . . .     Faith    .     (shield currently unavailable)
rPois  .         Spirit   +     x - +2 hat
rElec  .         Dismiss  .     A - +0 cloak
rCorr  .         Reflect  .     s - +2 pair of gloves
SustAt .         Harm     .     (no boots)
MR     +....                    i - amulet of regeneration
Stlth  +.........               (no ring)
                                L - ring of Minyng {+Fly rF+ MR+ Int+3}

@: slowed, very slow, somewhat resistant to hostile enchantments, very
unstealthy
A: claws 1, molten scales 2, demonic guardian 1, magic shield
a: Berserk, Trog's Hand, Brothers in Arms, Burn Spellbooks, Renounce Religion,
Evoke Flight


You were on level 9 of the Dungeon.
You worshipped Trog.
Trog was extremely pleased with you.
You were not hungry.

You visited 1 branch of the dungeon, and saw 9 of its levels.

You collected 734 gold pieces.

Inventory:

Hand Weapons
 a - a +0 mace
 m - a +2 great sword of freezing (weapon)
 t - a +1 glaive of chopping
Missiles
 g - 213 stones
 u - 7 poisoned javelins (quivered)
Armour
 d - the cursed +1 leather armour "Uheojim" (worn) {+Fly rF- Str+5 Int+2}
   (You found it on level 7 of the Dungeon)

   It affects your strength (+5).
   It affects your intelligence (+2).
   It makes you vulnerable to fire.
   It lets you fly.
   It has a curse placed upon it.
 k - a +0 robe of positive energy
 s - a +2 pair of gloves (worn)
 x - a +2 hat (worn)
 A - a +0 cloak (worn)
Jewellery
 i - an amulet of regeneration (around neck)
 L - the ring of Minyng (left hand) {+Fly rF+ MR+ Int+3}
   (You found it on level 7 of the Dungeon)

   [ring of flight]

   It affects your intelligence (+3).
   It protects you from fire.
   It affects your resistance to hostile enchantments.
   It lets you fly.
Wands
 l - a wand of confusion (4/48)
 C - a wand of enslavement (18/24)
 H - a wand of flame (26/48)
 I - a wand of paralysis (14/24)
Scrolls
 b - a scroll of immolation {unknown}
 e - a scroll of fear {unknown}
 h - 3 scrolls of identify
 j - 2 scrolls of brand weapon
 n - a scroll of blinking
 o - a scroll of recharging
 y - 5 scrolls of remove curse {unknown}
 E - a scroll of magic mapping {unknown}
Potions
 q - 2 potions of flight
 r - 2 potions of curing
 w - a potion of cancellation {unknown}
 z - a potion of invisibility {unknown}
 B - a potion of agility {unknown}
 G - 2 potions of brilliance
 K - a potion of lignification {unknown}
Comestibles
 c - 10 bread rations
 f - 3 meat rations
 J - 8 fruits


   Skills:
 + Level 8.0 Fighting
 + Level 7.5 Long Blades
 + Level 3.3 Maces & Flails
 + Level 1.9 Throwing
 + Level 7.2 Armour
 + Level 5.0 Dodging
 + Level 0.8 Stealth


You had 9 spell levels left.
You didn't know any spells.

Dungeon Overview and Level Annotations

Branches:
Dungeon (9/15)             Temple (0/1) D:6
   Lair: D:8-11         Orc: D:9-12

Altars:
Dithmenos
Xom

Annotations:
D:9 Erica


Innate Abilities, Weirdness & Mutations

You have sharp fingernails.
You are mostly covered in molten scales (AC +3, EV -1).
A weak demonic guardian rushes to your aid.
When hurt, damage is shared between your health and your magic reserves.


Message History

* * * LOW HITPOINT WARNING * * *
Something burns you.
* * * LOW HITPOINT WARNING * * *
You feel better.
You hear some strange, mumbled words.
Something tries to affect you, but you resist.
Something hits you. Something burns you.
* * * LOW HITPOINT WARNING * * *
You hit something but do no damage. Something hits you!
* * * LOW HITPOINT WARNING * * *
Something burns you.
* * * LOW HITPOINT WARNING * * *
Something hits you but does no damage.
Drink which item? (? for menu, Esc to quit)
You feel better. Something hits you.
* * * LOW HITPOINT WARNING * * *
Something burns you.
* * * LOW HITPOINT WARNING * * *
Something hits you!
You die...

......... ......#
........# ......#
........# .......
........# .......
.......# ....... .....#
.......
########..#######.......
.......#.......@........
.......#......########..
.......#......#
..@..8)8......#
............<.#
.......8......#
..................
...⌠.............#
.................#


There were no monsters in sight!

Vanquished Creatures
  The ghost of Aquadorian the Slasher, a novice DsFi of Ru (D:5)
  The ghost of ThereIsNoGod the Changer, an amateur OpTm (D:3)
  Sigmund (D:5)
  A spriggan (D:7)
  Grum (D:8)
  A hungry ghost (D:7)
  Duvessa (D:5)
  An ice beast (D:8)
  2 orc warriors
  3 phantoms
  2 ogres
  4 wolves (D:8)
  4 centaurs
  A giant frog (D:6)
  Dowan (D:5)
  A wyvern skeleton (D:8)
  4 scorpions
  3 killer bees (D:7)
  2 vampire bats (D:4)
  A howler monkey (D:5)
  3 crimson imps
  A jelly (D:7)
  A centaur zombie (D:5)
  A giant frog zombie (D:6)
  3 giant frog skeletons (D:6)
  5 orc priests
  A centaur skeleton (D:7)
  4 hounds
  4 orc wizards
  3 iguanas
  4 worker ants
  6 gnolls
  10 adders
  A shadow imp (D:5)
  2 oozes
  An adder zombie (D:6)
  5 worms
  A dart slug (D:4)
  4 giant geckos
  24 orcs
  4 ball pythons
  11 bats
  2 giant cockroaches
  8 goblins
  7 hobgoblins
  7 jackals
  3 quokkas
  4 giant newts
  A jackal skeleton (D:4)
  7 kobolds
  A quokka zombie (D:5)
  5 rats
  A plant (D:2)
181 creatures vanquished.

Vanquished Creatures (collateral kills)
  Psyche (D:8)
  A centaur (D:8)
  2 killer bees (D:7)
  A crimson imp (D:6)
  An orc priest (D:7)
  A worker ant (D:6)
  A gnoll (D:8)
  3 orcs
  A giant newt (D:6)
12 creatures vanquished.

Grand Total: 193 creatures vanquished

Notes
Turn   | Place    | Note
--------------------------------------------------------------
     0 | D:1      | sarahorange the Demonspawn Berserker began the quest for the Orb.
     0 | D:1      | Reached XP level 1. HP: 18/18 MP: 1/1
   406 | D:1      | Gained mutation: You are partially covered in molten scales (AC +1). [demonic ancestry]
   406 | D:1      | Reached XP level 2. HP: 15/24 MP: 2/2
   896 | D:2      | Reached XP level 3. HP: 21/29 MP: 3/3
  1144 | D:2      | Reached ** piety under Trog
  1716 | D:3      | Noticed ThereIsNoGod's ghost (amateur OpTm)
  1734 | D:3      | Killed ThereIsNoGod's ghost
  1734 | D:3      | Reached skill level 4 in Fighting
  1734 | D:3      | Reached skill level 1 in Long Blades
  1734 | D:3      | Reached XP level 4. HP: 37/37 MP: 4/4
  1734 | D:3      | Gained mutation: You have sharp fingernails. [demonic ancestry]
  1734 | D:3      | Reached XP level 5. HP: 42/42 MP: 5/5
  1994 | D:3      | Reached XP level 6. HP: 40/48 MP: 6/6
  2317 | D:4      | Reached skill level 1 in Throwing
  2317 | D:4      | Gained mutation: A weak demonic guardian rushes to your aid. [demonic ancestry]
  2317 | D:4      | Reached XP level 7. HP: 55/55 MP: 7/7
  2440 | D:4      | Reached *** piety under Trog
  2939 | D:5      | Entered Level 5 of the Dungeon
  2978 | D:5      | Noticed Sigmund
  2992 | D:5      | Killed Sigmund
  2992 | D:5      | Reached skill level 5 in Fighting
  3100 | D:5      | Noticed Aquadorian's ghost (novice DsFi)
  3115 | D:5      | Killed Aquadorian's ghost
  3115 | D:5      | Gained mutation: When hurt, damage is shared between your health and your magic reserves. [demonic ancestry]
  3115 | D:5      | Reached XP level 8. HP: 18/63 MP: 8/8
  3405 | D:5      | Reached **** piety under Trog
  3456 | D:5      | Noticed Duvessa
  3456 | D:5      | Noticed Dowan
  3467 | D:5      | Killed Duvessa
  3505 | D:5      | Killed Dowan
  3505 | D:5      | Reached skill level 5 in Armour
  3742 | D:5      | Reached skill level 6 in Fighting
  3742 | D:5      | Reached skill level 5 in Long Blades
  4232 | D:6      | Found a staircase to the Ecumenical Temple.
  4349 | D:6      | Reached XP level 9. HP: 62/71 MP: 7/9
  5024 | D:7      | Reached ***** piety under Trog
  5024 | D:7      | Reached skill level 7 in Fighting
  5163 | D:7      | HP: 3/72 [orc priest/divine providence (11)]
  5666 | D:7      | Got a brightly glowing wooden ring
  5672 | D:7      | Identified the ring of Minyng {+Fly rF+ MR+ Int+3} (You found it on level 7 of the Dungeon)
  5939 | D:7      | Got a scorched leather armour
  5950 | D:7      | Identified the cursed +1 leather armour "Uheojim" {+Fly rF- Str+5 Int+2} (You found it on level 7 of the Dungeon)
  6081 | D:8      | Noticed Psyche
  6099 | D:8      | Killed Psyche
  6169 | D:8      | Found a shadowy altar of Dithmenos.
  6348 | D:8      | Gained mutation: You are mostly covered in molten scales (AC +3, EV -1). [demonic ancestry]
  6348 | D:8      | Reached XP level 10. HP: 70/80 MP: 7/10
  6439 | D:8      | Noticed Grum
  6444 | D:8      | Received a gift from Trog
  6452 | D:8      | Killed Grum
  6474 | D:8      | Reached skill level 5 in Dodging
  6506 | D:8      | Reached skill level 8 in Fighting
  6654 | D:8      | Found a shimmering altar of Xom.
  6860 | D:9      | Noticed Erica
  6882 | D:9      | Mangled by Erica

Skill      XL: |  1  2  3  4  5  6  7  8  9 10 |
---------------+-------------------------------+-----
Dodging        | 2 3 4 5 |  5.0
Maces & Flails | 3 |  3.3
Armour         | 2 3 4 5 7 |  7.2
Fighting       | 4 5 6 7 8 |  8.0
Long Blades    | 1 2 4 5 7 |  7.5
Throwing       | 1 |  1.9
Stealth        | |  0.8

Action                   |  1- 3 |  4- 6 |  7- 9 | 10-12 || total
-------------------------+-------+-------+-------+-------++-------
Melee: Mace              |    49 |       |       |       ||    49
       Great sword       |   102 |   131 |   453 |    39 ||   725
Throw: Stone             |       |    21 |    31 |       ||    52
Invok: Berserk           |     1 |       |     1 |       ||     2
       Trog's Hand       |       |     1 |     2 |       ||     3
       Burn Spellbooks   |       |       |     2 |       ||     2
Evoke: Wand              |       |       |     1 |       ||     1
  Use: Scroll            |     4 |     1 |    14 |       ||    19
       Potion            |       |       |     7 |     2 ||     9
 Stab: Distracted        |     1 |       |       |       ||     1
  Eat: Chunk             |     3 |     3 |    11 |     1 ||    18
       Royal jelly       |       |       |     1 |       ||     1
       Meat ration       |       |       |     1 |       ||     1
       Pizza             |       |       |       |     1 ||     1
Armor: Animal skin       |    13 |       |       |       ||    13
       Plate armour      |    46 |   141 |   340 |       ||   527
       Scale mail        |    31 |       |       |       ||    31
       Leather armour    |       |       |    16 |    27 ||    43
Dodge: Dodged            |   108 |    67 |   229 |    34 ||   438
